 Dungeon Crawl Stone Soup version 0.31.0-11-ge490571c62 (webtiles) character file.

Game seed: 10203770190309291613

16 qw the Shooter (level 2, -1/16 HPs)
             Began as a Deep Elf Hunter on Feb 3, 2024.
             Succumbed to their own poison gas
             ... on level 2 of the Dungeon.
             The game lasted 00:00:01 (415 turns).

qw the Shooter (Deep Elf Hunter)                     Turns: 415, Time: 00:00:02

Health: -1/16      AC:  5    Str:  8    XL:     2   Next: 37%
Magic:  4/4        EV: 10    Int: 13    God:
Gold:   79         SH:  0    Dex: 18    Spells: 1/1 levels left

rFire   . . .        a - +0 shortbow
rCold   . . .        (shield currently unavailable)
rNeg    . . .        i - +0 ring mail
rPois   .            (no helmet)
rElec   .            (no cloak)
rCorr   .            (no gloves)
SInv    .            (no boots)
Will    .....        (no amulet)
Stlth   +            (no ring)
HPRegen 0.22/turn    (no ring)
MPRegen 0.09/turn

%: no passive effects
@: lethally poisoned (-1 -> -15)
A: no striking features
a: no special abilities


You were on level 2 of the Dungeon.
You visited 1 branch of the dungeon, and saw 2 of its levels.

You collected 79 gold pieces.


   Skills:
 - Level 1.5 Fighting
 + Level 6.2 Ranged Weapons
 - Level 2.4 Dodging
 - Level 1.2 Stealth


You had one spell level left.
You didn't know any spells.
Your spell library was empty.

Inventory:

Hand Weapons
 a - a +0 shortbow (weapon)
Armour
 i - a +0 ring mail (worn)
Potions
 h - a potion of brilliance {unknown}

Dungeon Overview and Level Annotations

Branches:
Dungeon (2/15)

Altars:


Message History

Found a human skeleton.
Found a book of Flames.
Found two human skeletons.
Found a minotaur skeleton and two human skeletons.
Found a faded altar of an unknown god.
You now have 71 gold pieces (gained 8).
You see here a book of Flames.
You now have 79 gold pieces (gained 8).
Found a stone staircase leading up.
398 ||| UPGRADING to +0 ring mail.
You start removing your armour.
You continue taking off your +0 leather armour. x4
You finish taking off your +0 leather armour.
You start putting on your armour.
You continue putting on your +0 ring mail. x5
You finish putting on your +0 ring mail.
408 ||| DROPPING +0 leather armour.
You drop a +0 leather armour.
409 ||| READING scroll labelled NIRIATRAQOI.
As you read the scroll labelled NIRIATRAQOI, it crumbles to dust.
The air around you briefly surges with heat, but it dissipates.
It was a scroll of immolation.
410 ||| READING scroll labelled HOROLY ECKI.
This is a scroll of acquirement!
410 ||| ACQUIRING +27 heavy crossbow "Sniper" {heavy, Acc+∞ SInv} Something appears at your feet!
411 ||| READING scroll labelled MAPNAL XUNIAXT.
The air fills with toxic fumes!
As you read the scroll labelled MAPNAL XUNIAXT, it crumbles to dust.
It was a scroll of poison.
412 ||| READING scroll labelled JOIT CUMOWO.
As you read the scroll labelled JOIT CUMOWO, it dissolves into smoke.
It was a scroll of fog.
413 ||| DROPPING scroll of butterflies.
You drop a scroll of butterflies.
What level of the Dungeon? (default 1, ? - help) Sorry, I don't know how to get there.
You are engulfed in poison gas.
You are lethally poisoned!
Ouch! That really hurt!
You feel very sick.
415 ||| Stepping ~*~*~tactically~*~*~ (cloud).
You die...

###############
#.¤¤¤¤¤¤@¤¤¤¤¤#
#.#########¤¤¤¤¤.
#.# #¤### #.# #
####### #.#######
#.....###..8.8.8#
..........8%...%#
#.#######.....%.#
#.# #.8:...%#


There were no monsters in sight!

Vanquished Creatures
  2 dart slugs (D:1)
  3 ball pythons (D:1)
  2 bats (D:1)
  2 endoplasms (D:2)
  A hobgoblin (D:1)
  A kobold (D:2)
11 creatures vanquished.

Notes
Turn   | Place    | Note
-------+----------+-------------------------------------------
     0 | D:1      | qw the Deep Elf Hunter began the quest for the Orb.
     0 | D:1      | Reached XP level 1. HP: 12/12 MP: 3/3
     0 | D:1      | 0 ||| qw: Version: 0.3-a-158-g18b3111
     0 | D:1      | 0 ||| qw: Game counter: 4283
     0 | D:1      | 0 ||| qw: Melee chars always use a shield: true
     0 | D:1      | 0 ||| qw: God list: Okawaru
     0 | D:1      | 0 ||| qw: Allow faded altars: false
     0 | D:1      | 0 ||| qw: Do Orc after clearing Dungeon:15 true
     0 | D:1      | 0 ||| qw: Do second Lair branch before Depths: true
     0 | D:1      | 0 ||| qw: Lair rune preference: random
     0 | D:1      | 0 ||| qw: Goals: Normal
     0 | D:1      | 0 ||| PLANNING D:1-11
   271 | D:1      | Reached XP level 2. HP: 16/16 MP: 4/4
   277 | D:1      | Reached skill level 6 in Ranged Weapons
   311 | D:1      | You fall into a shaft and drop 1 floor!
   371 | D:2      | Found a faded altar of an unknown god.
   398 | D:2      | 398 ||| UPGRADING to +0 ring mail.
   408 | D:2      | 408 ||| DROPPING +0 leather armour.
   409 | D:2      | 409 ||| READING scroll labelled NIRIATRAQOI.
   410 | D:2      | 410 ||| READING scroll labelled HOROLY ECKI.
   410 | D:2      | Identified a scroll of acquirement
   410 | D:2      | 410 ||| ACQUIRING +27 heavy crossbow "Sniper" {heavy, Acc+∞
                  | SInv}
   410 | D:2      | Acquired the +27 heavy crossbow "Sniper" {heavy, Acc+∞
                  | SInv}
   410 | D:2      | Found the +27 heavy crossbow "Sniper" {heavy, Acc+∞ SInv}
   411 | D:2      | 411 ||| READING scroll labelled MAPNAL XUNIAXT.
   412 | D:2      | 412 ||| READING scroll labelled JOIT CUMOWO.
   413 | D:2      | 413 ||| DROPPING scroll of butterflies.
   414 | D:2      | HP: 3/16 [poisoned by you (poison gas)]
   415 | D:2      | 415 ||| Stepping ~*~*~tactically~*~*~ (cloud).
   415 | D:2      | Succumbed to their own poison gas

Levels and vault maps discovered:
D:1:      lemuel_arrival_tunnels, layout_basic, feat_on_display
D:2:      layout_loops_ring, shapermc_ecumenical_altar_pompeii

Skill      XL: |  1  2 |
---------------+-------+-----
Ranged Weapons | 6 |  6.2
Fighting       | |  1.5
Dodging        | |  2.4
Stealth        | |  1.2

Action                     || total
---------------------------++-------
   Fire: Shortbow          ||    26
    Use: Scroll            ||     4
 Armour: Leather armour    ||     4
  Dodge: Dodged            ||     4

Table legend:
 A = Non-vault XP
 B = Vault XP
 C = Vault XP percentage of total XP
 D = Non-vault monster count
 E = Vault monster count
 F = Vault count percentage of total count
                 A         B        C        D         E       F
            +---------+---------+-------+---------+---------+-------
      Total |      23 |       0 |   0.0 |      11 |       0 |   0.0
            +---------+---------+-------+---------+---------+-------
        D:1 |      17 |       0 |   0.0 |       8 |       0 |   0.0
        D:2 |       6 |       0 |   0.0 |       3 |       0 |   0.0
            +---------+---------+-------+---------+---------+-------
